 Dungeon Crawl Stone Soup version 0.21.1-1-g345015f (webtiles) character file.

4 glosham the Charlatan (level 1, -4/17 HPs)
             Began as a Hill Orc Artificer on Apr 27, 2018.
             Slain by an adder (5 damage)
             ... on level 4 of the Dungeon.
             The game lasted 00:01:41 (108 turns).

glosham the Charlatan (Hill Orc Artificer)           Turns: 108, Time: 00:01:42

Health: -4/17      AC:  3    Str: 14    XL:     1   Next: 60%
Magic:  3/3        EV: 11    Int: 11    God:
Gold:   23         SH:  0    Dex: 11    Spells: 0/0 levels left

rFire    . . .     SeeInvis .   a - +0 short sword
rCold    . . .     Gourm    .   (no shield)
rNeg     . . .     Faith    .   b - +0 leather armour
rPois    .         Spirit   .   (no helmet)
rElec    .         Reflect  .   (no cloak)
rCorr    .         Harm     .   (no gloves)
MR       .....                  (no boots)
Stlth    +.........             (no amulet)
HPRegen  0.05/turn              (no ring)
MPRegen  0.08/turn              (no ring)

@: lethally poisoned (-4 -> -11)
A: no striking features
a: no special abilities


You were on level 4 of the Dungeon.
You were not hungry.

You visited 1 branch of the dungeon, and saw 4 of its levels.

You collected 23 gold pieces.

Inventory:

Hand Weapons
 a - a +0 short sword (weapon)
Missiles
 g - 9 stones (quivered)
Armour
 b - a +0 leather armour (worn)
Wands
 c - a wand of flame (15)
 d - a wand of enslavement (15)
 e - a wand of random effects (15)
Scrolls
 i - a scroll of identify {unknown}
 j - a scroll of amnesia {unknown}
Comestibles
 f - a ration


   Skills:
 * Level 2.0 Fighting
 - Level 1.0 Short Blades
 - Level 1.5 Dodging
 - Level 0.7 Stealth
 - Level 3.0 Evocations


You couldn't memorise any spells.
You didn't know any spells.

Dungeon Overview and Level Annotations

Branches:
Dungeon (4/15)
 Temple: D:4-7

Altars:


Message History

Your leather armour prevents you from hitting the orc.
The orc barely misses you.
An orc wizard comes into view. It is wielding a dagger.
Found a scroll labeled NUIGISCH QIPI.
You see here a scroll labeled NUIGISCH QIPI.
j - a scroll labeled NUIGISCH QIPI The orc hits you.
The orc wizard mumbles some strange words.
The orc wizard flickers and vanishes!
Found a scroll labeled PAIMEIP IMNU.
Found a stone staircase leading down.
An adder comes into view.
An adder comes into view.
The adder hisses angrily.
The adder hisses angrily.
A giant cockroach and a hobgoblin come into view.
The adder barely misses you.
Found a scroll labeled COUBUL LUNOUDD.
The hobgoblin shouts!
The adder barely misses you. The adder bites you.
Found a scroll labeled KUTHIO AM TUI.
The adder bites you. The giant cockroach closely misses you.
The adder closely misses you.
There is a stone staircase leading down here.
The orc barely misses you. The giant cockroach barely misses you.
The adder bites you but does no damage.
You climb downwards.
Found 20 arrows.
There is a stone staircase leading up here.
The giant cockroach closely misses you. The orc closely misses you.
The giant cockroach barely misses you. The adder bites you.
The giant cockroach closely misses you.
Found a stone staircase leading down.
As you read the scroll labeled WUKAMM NEQI, it crumbles to dust.
You feel aware of your surroundings.
You sensed 1 shop/portal.
It was a scroll of magic mapping.
The adder bites you.
* * * LOW HITPOINT WARNING * * *
You are lethally poisoned!
The adder poisons you! The adder bites you.
You die...

*****,,* ***,***,*,*,,,,,,,,,
,,,,,,,* *,,,,,..#.#,**,*****
*****,********,,,,,..#.#,**,*****
,,,,,,,,,,,,,,,,,,.....*,,,,,,,,,
*****,*****,##.,,,...#,*,,*,*****
***,.####,#.#**#...#,*,,*,* *
*,,,......#..,,....#,*,,*,* *
***,,,......#.###....#+#,,*,*****
,,,,,,........sS@.....>.,,*,,,,,,
***,,,......#.o#........,,*******
* *,,,......#..#........,,,,,,,,,
* *,,,.......<.#........,,**,****
* *,,,.....#####........,,,,,*,,,
* *,,,..(.,**,,......#.#,**,,*,**
* ****###*,**,*#.....#,#,**,,*,,,
** *,**,*#.#.#.#,*,**,,,,*,
,******* *,*,,,,,,,*,*,*,***,*,**


You could see an adder, an orc and a giant cockroach.

Vanquished Creatures
  A goblin (D:3)
  2 hobgoblins (D:3)
3 creatures vanquished.

Notes
Turn   | Place    | Note
-------+----------+-------------------------------------------
     0 | D:1      | glosham the Hill Orc Artificer began the quest for the Orb.
     0 | D:1      | Reached XP level 1. HP: 16/16 MP: 3/3
    74 | D:3      | Reached skill level 2 in Fighting
    83 | D:3      | Noticed an orc wizard
   108 | D:4      | HP: 1/17 [adder (4)]
   108 | D:4      | Slain by an adder

Skill      XL: |  1 |
---------------+----+-----
Fighting       | 2 |  2.0
Short Blades   | |  1.0
Dodging        | |  1.5
Stealth        | |  0.7
Evocations     | |  3.0

Action                   || total
-------------------------++-------
Melee: Short sword       ||    20
  Use: Scroll            ||     1
Armor: Leather armour    ||     6
Dodge: Dodged            ||    17

Table legend:
 A = Turns spent in this place as a percentage of turns spent in the entire game.
 B = Non-inter-level travel turns spent in this place as a percentage of non-inter-level travel turns spent in the entire game.
 C = Inter-level travel turns spent in this place as a percentage of turns spent in this place.
 D = Turns resting spent in this place as a percentage of non-inter-level travel turns spent in this place.
 E = Turns spent auto-exploring this place as a percentage of non-inter-level travel turns spent in this place.
 F = Non-inter-level travel turns spent in this place divided by the number of levels of this place that you've seen.
                   A       B       C       D       E      F
               +-------+-------+-------+-------+-------+----------------------
         Total | 100.0 | 100.0 |   0.0 |   0.0 |   0.0 |  27.0
       Dungeon | 100.0 | 100.0 |   0.0 |   0.0 |   0.0 |  27.0
               +-------+-------+-------+-------+-------+----------------------

Table legend:
 A = Kills in this place as a percentage of kills in entire the game.
 B = Kills by you in this place as a percentage of kills by you in the entire game.
 C = Kills by friends in this place as a percentage of kills by friends in the entire game.
 D = Other kills in this place as a percentage of other kills in the entire game.
 E = Experience gained in this place as a percentage of experience gained in the entire game.
 F = Experience gained in this place divided by the number of levels of this place that you have seen.
                   A       B       C       D       E      F
               +-------+-------+-------+-------+-------+----------------------
         Total | 100.0 | 100.0 |   N/A |   N/A | 100.0 |   1.5
       Dungeon | 100.0 | 100.0 |   N/A |   N/A | 100.0 |   1.5
               +-------+-------+-------+-------+-------+----------------------

Vault maps used:
D:1:      matt_arrival_los_fun
D:3:      lemuel_doored_altar
D:4:      serial_shops, nicolae_shop_stone, first_ration, kennysheep_crisscross,
          uniq_ijyb, uniq_duvessa, uniq_robin
